 Dungeon Crawl Stone Soup version 0.21-a0-525-ga34b322 (webtiles) character file.

158 solxrula the Cudgeler (level 5, 0/52 HPs)
             Began as a Troll Berserker on Dec 7, 2017.
             Was a Believer of Trog.
             Slain by Sigmund
             ... wielding a +0 scythe
              (2 damage)
             ... on level 3 of the Dungeon.
             The game lasted 00:09:19 (1958 turns).

solxrula the Cudgeler (Troll Berserker)             Turns: 1958, Time: 00:09:20

Health: 0/52       AC:  7    Str: 31    XL:     5   Next: 16%
Magic:  4/4        EV: 10    Int:  3    God:    Trog [**....]
Gold:   71         SH:  0    Dex:  9    Spells: 4/4 levels left

rFire    . . .     SeeInvis .   a - +0 mace
rCold    . . .     Gourm    +   (no shield)
rNeg     . . .     Faith    .   b - +2 animal skin
rPois    .         Spirit   .   (helmet restricted)
rElec    .         Reflect  .   (no cloak)
rCorr    .         Harm     .   (gloves unavailable)
MR       .....                  (boots unavailable)
Stlth    +.........             (no amulet)
HPRegen  0.57/turn              (no ring)
MPRegen  0.09/turn              (no ring)

@: mighty, berserk cooldown, slowed, very slow
A: large, unfitting armour, claws 3, fast metabolism 3, gourmand, regeneration
1, shaggy fur 1, tough skin 2
a: Berserk, Trog's Hand, Burn Spellbooks, Renounce Religion


You were on level 3 of the Dungeon.
You worshipped Trog.
Trog was pleased with you.
You were very full.

You visited 1 branch of the dungeon, and saw 3 of its levels.

You collected 71 gold pieces.

Inventory:

Hand Weapons
 a - a +0 mace (weapon)
Armour
 b - a +2 animal skin (worn)
Potions
 h - a potion of lignification
Comestibles
 c - 3 bread rations
 d - 2 meat rations
 g - a royal jelly


   Skills:
 + Level 2.8 Fighting
 * Level 4.6 Maces & Flails
 + Level 3.0 Dodging
 + Level 0.1 Stealth


You had 4 spell levels left.
You didn't know any spells.

Dungeon Overview and Level Annotations

Branches:
Dungeon (3/15)

Altars:

Annotations:
D:3 Sigmund


Innate Abilities, Weirdness & Mutations

You are too large for most types of armour.
You have claws for hands.
Your metabolism is lightning-fast.
You like to eat raw meat.
Your natural rate of healing is unusually fast.
You are covered in fur. (AC +1)
You have very tough skin. (AC +2)


Message History

Something hits you.
* * * LOW HITPOINT WARNING * * *
You aren't carrying any spellbooks or scrolls.
You miss something. Something hits you.
* * * LOW HITPOINT WARNING * * *
You barely miss something. Something hits you but does no damage.
You closely miss something. Something hits you but does no damage.
You closely miss something.
Something hits you but does no damage. x2
You closely miss something.
You hear some strange, mumbled words.
Something tries to affect you, but you resist.
You sock something! Something hits you.
* * * LOW HITPOINT WARNING * * *
You sock something!
You hear some strange, mumbled words.
A puff of flame appears from out of thin air!
The puff of flame hits you!
* * * LOW HITPOINT WARNING * * *
Something hits you.
You die...

.....##.##....#.##.##...##
.....##.##<..............#
........##.........##....#
#.#.#######........##.(..#
#.......# #..............#+##
###.###.###.......).#.##.....
#>...............#((##.....+
#########.#####)(..........#
#...........@)#..........#
#.##.......######'####+###
#.##.......##.....##
#..+.......##.###.@#
####.......# #..# #########
..... .@...#.. #......#..#
#......#..#


There were no monsters in sight!

Vanquished Creatures
  An orc priest (D:2)
  An orc wizard (D:2)
  2 adders
  An ooze (D:1)
  2 worms (D:2)
  2 dart slugs (D:1)
  2 leopard geckos
  3 orcs
  A ball python (D:2)
  2 giant cockroaches
  11 goblins
  2 hobgoblins
  4 jackals (D:2)
  A quokka (D:2)
  11 bats
  3 frilled lizards
  10 kobolds
  2 rats
61 creatures vanquished.

Vanquished Creatures (others)
  5 toadstools (D:1)
5 creatures vanquished.

Grand Total: 66 creatures vanquished

Notes
Turn   | Place    | Note
-------+----------+-------------------------------------------
     0 | D:1      | solxrula the Troll Berserker began the quest for the Orb.
     0 | D:1      | Reached XP level 1. HP: 22/22 MP: 0/0
   108 | D:1      | Reached skill level 3 in Maces & Flails
   131 | D:1      | Reached XP level 2. HP: 24/29 MP: 1/1
   463 | D:1      | Reached XP level 3. HP: 36/36 MP: 2/2
   491 | D:1      | Reached ** piety under Trog
  1193 | D:2      | Reached XP level 4. HP: 44/44 MP: 3/3
  1203 | D:2      | Reached skill level 4 in Maces & Flails
  1435 | D:2      | Reached XP level 5. HP: 52/52 MP: 4/4
  1925 | D:3      | Noticed Sigmund
  1958 | D:3      | HP: 2/52 [something/puff of flame (8)]
  1958 | D:3      | Slain by Sigmund

Vault maps used:
D:1:      ldierk_walled_garden, interstate_on_off
D:2:      grunt_ministairs_3
D:3:      hex_large, hangedman_abyss_or_decor_lesser_grid, uniq_sigmund,
          uniq_ijyb, uniq_natasha

Skill      XL: |  1  2  3  4 |
---------------+-------------+-----
Maces & Flails | 3 4 |  4.6
Dodging        | 3 |  3.0
Fighting       | |  2.8
Stealth        | |  0.1

Action                   |  1- 3 |  4- 6 || total
-------------------------+-------+-------++-------
Melee: Mace              |   155 |    66 ||   221
Invok: Berserk           |       |     1 ||     1
  Use: Scroll            |     3 |     4 ||     7
       Potion            |     2 |     4 ||     6
  Eat: Chunk             |    16 |     8 ||    24
Armor: Animal skin       |    64 |    30 ||    94
Dodge: Dodged            |    94 |    38 ||   132

Table legend:
 A = Spawn XP
 B = Non-spawn XP
 C = Spawn XP percentage of total XP
 D = Spawn monster count
 E = Non-spawn monster count
 F = Spawn count percentage of total count
 G = Total turns spent on level
                    A         B        C        D         E        F      G
               +---------+---------+-------+---------+---------+-------+---------
         Total |       0 |     227 |   0.0 |       0 |      61 |   0.0 |  1958
               +---------+---------+-------+---------+---------+-------+---------
           D:1 |       0 |      60 |   0.0 |       0 |      29 |   0.0 |   883
           D:2 |       0 |     144 |   0.0 |       0 |      26 |   0.0 |   902
           D:3 |       0 |      23 |   0.0 |       0 |       6 |   0.0 |   173
               +---------+---------+-------+---------+---------+-------+---------
